 Dungeon Crawl Stone Soup version 0.23.2-40-g277498a001 (webtiles) character file.

Game seed: 9152076221720882298

171 Curus the Poker (level 5, -3/41 HPs)
             Began as a Merfolk Abyssal Knight on Oct 21, 2019.
             Was a Follower of Lugonu.
             Slain by floydpepper's ghost (13 damage)
             ... on level 3 of the Dungeon.
             The game lasted 00:11:47 (3013 turns).

Curus the Poker (Merfolk Abyssal Knight)            Turns: 3013, Time: 00:11:47

Health: -3/41      AC:  5    Str: 13    XL:     5   Next: 51%
Magic:  8/8        EV: 12    Int: 11    God:    Lugonu [*.....]
Gold:   142        SH:  0    Dex: 14    Spells: 4/4 levels left

rFire    . . .     SeeInvis +   k - +0 trident
rCold    . . .     Gourm    .   (no shield)
rNeg     . . .     Faith    .   b - +0 leather armour
rPois    .         Spirit   .   e - +1 helmet
rElec    .         Reflect  .   (no cloak)
rCorr    .         Harm     .   (no gloves)
MR       .....                  (no boots)
Stlth    +.........             (no amulet)
HPRegen  0.13/turn              g - ring of see invisible
MPRegen  0.11/turn              (no ring)

@: no status effects
A: change form in water, swift swim, stealthy swim
a: Depart the Abyss, Renounce Religion


You were on level 3 of the Dungeon.
You worshipped Lugonu.
Lugonu was aware of your devotion.
You were hungry.

You visited 1 branch of the dungeon, and saw 4 of its levels.
You visited the Abyss 1 time.

You collected 142 gold pieces.

Inventory:

Hand Weapons
 a - a +1 spear
 k - a +0 trident (weapon)
Armour
 b - a +0 leather armour (worn)
 e - a +1 helmet (worn)
Jewellery
 g - a ring of see invisible (left hand)
Wands
 j - a wand of digging (4)
Scrolls
 h - 2 scrolls of fog
 i - 2 scrolls of teleportation
Potions
 d - a potion of curing
Comestibles
 c - 3 rations


   Skills:
 - Level 3.2 Fighting
 + Level 6.0 Polearms
 - Level 0.6 Armour
 - Level 2.6 Dodging
 + Level 4.4 Invocations


You had 4 spell levels left.
You didn't know any spells.
Your spell library contained the following spells:

 Spells                   Type           Power        Failure   Level  Hunger
 Magic Dart               Conj           #...         41%         1    ##.....
 Searing Ray              Conj           #.....       56%         2    ###....
 Dazzling Spray           Conj/Hex       #.....       80%         3    ####...
 Force Lance              Conj/Tloc      #.......     99%         4    #####..
 Fulminant Prism          Conj/Hex       #.........   99%         4    #####..
 Iskenderun's Mystic Bla  Conj           #.......     99%         4    #####..


Dungeon Overview and Level Annotations

Branches:
Dungeon (4/15)
 Temple: D:4-7

Altars:
Sif Muna
Vehumet
The Shining One

Shops:
D:4 [

Annotations:
D:3 floydpepper's ghost, amateur DsWn


Message History

Floydpepper's ghost closely misses you.
You hit floydpepper's ghost.
Floydpepper's ghost is severely damaged.
Floydpepper's ghost hits you!
* * * LOW HITPOINT WARNING * * *
You feel much better. Floydpepper's ghost hits you.
You hit floydpepper's ghost.
Floydpepper's ghost is almost destroyed.
Floydpepper's ghost hits you.
You hit floydpepper's ghost but do no damage.
Floydpepper's ghost is almost destroyed.
Floydpepper's ghost hits you!
* * * LOW HITPOINT WARNING * * *
You hit floydpepper's ghost.
Floydpepper's ghost is almost destroyed.
Floydpepper's ghost completely misses you.
You hit floydpepper's ghost but do no damage.
Floydpepper's ghost is almost destroyed.
Floydpepper's ghost hits you!
You die...

#.....).....##⌠##.........#
#..).......##...##...#....#
###.#######.##?....##..#.####
....# ##.#⌠.!♣%.⌠#.##.# ## ..###
#..##.....##.##.# ##.
#...######...##...##..##.######..
..............##.##..............
######....###..#W#..####.#####...
####.####..@....[.#...^.#...
#.....###.............#..
#####.##..........)(.((#.
#.................(##
####...............#
#...............#
#...............#
##.............## ##.....#.....##


You could see floydpepper's ghost.

Vanquished Creatures
  Ijyb (D:3)
  A worker ant (D:3)
  3 adders
  An ooze (D:1)
  7 worms
  4 dart slugs (D:1)
  4 orcs (D:3)
  9 bats
  2 giant cockroaches
  8 goblins
  9 hobgoblins
  A frilled lizard (D:3)
  7 kobolds
  9 rats
66 creatures vanquished.

Vanquished Creatures (others)
  A rat (D:2)
1 creature vanquished.

Grand Total: 67 creatures vanquished

Notes
Turn   | Place    | Note
-------+----------+-------------------------------------------
     0 | Abyss:1  | Curus the Merfolk Abyssal Knight began the quest for the
                  | Orb.
     0 | Abyss:1  | Reached XP level 1. HP: 18/18 MP: 2/2
    25 | Abyss:1  | Noticed a ynoxinul
    38 | D:1      | Escaped the Abyss
   119 | D:1      | Reached XP level 2. HP: 18/24 MP: 3/3
   210 | D:1      | Reached * piety under Lugonu
   210 | D:1      | Reached skill level 4 in Polearms
   423 | D:1      | Reached XP level 3. HP: 29/29 MP: 5/5
  1356 | D:2      | Reached XP level 4. HP: 32/35 MP: 6/6
  1389 | D:2      | Found a deep blue altar of Sif Muna.
  1414 | D:2      | Found a radiant altar of Vehumet.
  1557 | D:2      | Reached skill level 5 in Polearms
  1956 | D:2      | Found a faded altar of an unknown god.
  2181 | D:3      | Found a runed translucent door.
  2186 | D:3      | Noticed floydpepper's ghost (amateur DsWn)
  2366 | D:3      | Reached XP level 5. HP: 41/41 MP: 8/8
  2516 | D:3      | Found a glowing golden altar of the Shining One.
  2635 | D:4      | Found Sopn's Armour Shop.
  2955 | D:4      | Noticed Ijyb
  2973 | D:3      | Killed Ijyb
  2973 | D:3      | Reached skill level 6 in Polearms
  3013 | D:3      | Slain by floydpepper's ghost

Skill      XL: |  1  2  3  4  5 |
---------------+----------------+-----
Polearms       | 4 5 6 |  6.0
Invocations    | 3 4 |  4.4
Fighting       | |  3.2
Armour         | |  0.6
Dodging        | |  2.6

Action                   |  1- 3 |  4- 6 || total
-------------------------+-------+-------++-------
Melee: Spear             |   134 |   126 ||   260
       Trident           |       |    55 ||    55
Invok: Depart the Abyss  |     1 |       ||     1
  Use: Scroll            |     3 |     2 ||     5
       Potion            |     3 |     4 ||     7
 Stab: Sleeping          |     2 |       ||     2
  Eat: Chunk             |     1 |     5 ||     6
Armor: Leather armour    |    32 |    30 ||    62
Dodge: Dodged            |    48 |    82 ||   130
